 Dungeon Sprint DCSS version 0.21.1-1-g345015f (webtiles) character file.

35 wilfster70 the Shield-Bearer (level 3, 0/35 HPs)
             Began as a Gnoll Fighter on June 6, 2018.
             Was an Initiate of Okawaru.
             Slain by a crocodile (5 damage)
             ... in the Dungeon (Sprint IX: "|||||||||||||||||||||||||||||").
             The game lasted 00:01:34 (214 turns).

wilfster70 the Shield-Bearer (Gnoll Fighter)         Turns: 214, Time: 00:01:35

Health: 0/35       AC: 14    Str: 18    XL:     3   Next: 35%
Magic:  5/5        EV:  8    Int: 17    God:    Okawaru [......]
Gold:   0          SH:  0    Dex: 14    Spells: 5/5 levels left

rFire    . . .     SeeInvis .   r - +2 halberd "Zoup" {flame, rC+ Int+3}
rCold    + . .     Gourm    .   (shield currently unavailable)
rNeg     . . .     Faith    .   t - +1 chain mail
rPois    .         Spirit   .   (no helmet)
rElec    .         Reflect  .   (no cloak)
rCorr    .         Harm     .   s - +0 pair of gloves
MR       .....     NoTele   +   (no boots)
Stlth    ..........             (no amulet)
HPRegen  0.11/turn              v - +3 ring of intelligence
MPRegen  0.09/turn              u - +2 ring of protection

@: no status effects
A: distributed training, fangs 1, strong nose
a: Renounce Religion


You were in the Dungeon.
You worshipped Okawaru.
Okawaru was noncommittal.
You were not hungry.

You visited 1 branch

Inventory:

Hand Weapons
 a - a +0 flail
 r - the +2 halberd "Zoup" (weapon) {flame, rC+ Int+3}
   (You found it in the Dungeon)

   It has been specially enchanted to burn those struck by it, causing extra
   injury to most foes and up to half again as much damage against particularly
   susceptible opponents.
   Big, fiery blades are also staple armaments of hydra-hunters.
   It affects your intelligence (+3).
   It protects you from cold.
Armour
 b - a +0 scale mail
 c - a +0 shield
 s - a +0 pair of gloves (worn)
 t - a +1 chain mail (worn)
Magical Staves
 q - an uncursed staff of energy
Jewellery
 u - a +2 ring of protection (right hand)
 v - a +3 ring of intelligence (left hand)
Wands
 p - a wand of iceblast (10)
Scrolls
 k - 2 scrolls of blinking
 n - 3 scrolls of remove curse
 o - 2 scrolls of amnesia
Potions
 d - a potion of might
 e - 5 potions of curing
 g - 3 potions of heal wounds
 h - a potion of haste
 i - 4 potions of magic
 j - a potion of berserk rage
 m - a potion of invisibility
Comestibles
 f - a ration
 l - 10 chunks of flesh


   Skills:
 + Level 6.8 Fighting
 + Level 1.9 Short Blades
 + Level 1.9 Long Blades
 + Level 1.9 Axes
 + Level 5.0 Maces & Flails
 + Level 1.9 Polearms
 + Level 1.9 Staves
 + Level 1.9 Slings
 + Level 1.9 Bows
 + Level 1.9 Crossbows
 + Level 1.9 Throwing
 + Level 6.8 Armour
 + Level 1.9 Dodging
 + Level 1.9 Stealth
 + Level 6.8 Shields
 + Level 1.9 Unarmed Combat
 + Level 1.9 Spellcasting
 + Level 1.5 Conjurations
 + Level 1.5 Hexes
 + Level 1.5 Charms
 + Level 1.5 Summonings
 + Level 1.5 Necromancy
 + Level 1.5 Translocations
 + Level 1.5 Transmutations
 + Level 1.5 Fire Magic
 + Level 1.5 Ice Magic
 + Level 1.5 Air Magic
 + Level 1.5 Earth Magic
 + Level 1.5 Poison Magic
 + Level 2.1 Invocations
 + Level 1.9 Evocations


You had 5 spell levels left.
You didn't know any spells.

Dungeon Overview and Level Annotations

Branches:
Dungeon (1/1)

Altars:
Cheibriados
Dithmenos
Elyvilon
Fedhas
Gozag
Hepliaklqana
Kikubaaqudgha
Makhleb
Nemelex Xobeh
Okawaru
Qazlal
Ru
Sif Muna
Trog
Uskayaw
Vehumet
Wu Jian
Xom
Yredelemnul
Zin
The Shining One
Beogh
Jiyva
Lugonu


Innate Abilities, Weirdness & Mutations

Your experience applies equally to all skills.
You have very sharp teeth.
Your uncanny sense of smell can sniff out nearby items.


Message History

You closely miss the crocodile. The crocodile barely misses you.
The crocodile bites you.
You slash the crocodile! You burn the crocodile.
The crocodile is moderately wounded.
The crocodile barely misses you.
You hit the crocodile but do no damage.
The crocodile is moderately wounded.
The crocodile bites you.
You hit the crocodile. You burn the crocodile.
The crocodile is heavily wounded.
The crocodile bites you! The crocodile bites you.
Some of the chunks of flesh in your inventory have rotted away.
You hit the crocodile but do no damage.
The crocodile is heavily wounded.
The crocodile bites you!
* * * LOW HITPOINT WARNING * * *
Your chain mail prevents you from hitting the crocodile.
The crocodile is heavily wounded.
The crocodile bites you.
You die...

▓▓▓▓▓▓▓▓▓▓▓▓▓▓▓▓▓▓▓▓▓▓▓▓
_______'...).[..@tZO9OZ.
▓▓▓▓▓▓▓▓▓▓▓▓▓▓▓▓▓▓▓▓▓▓▓▓
∆∆∆∆ ∆ ∆


You could see a two-headed ogre, a crocodile, a gargoyle, an ogre, a bat
skeleton and an adder skeleton.

Vanquished Creatures
  A worker ant (D)
  An adder zombie (D)
  An orc (D)
  A bat skeleton (D)
  A goblin (D)
  2 hobgoblins (D)
  A ball python (D)
  A kobold (D)
  A rat (D)
10 creatures vanquished.

Notes
Turn   | Place    | Note
-------+----------+-------------------------------------------
     0 | D        | wilfster70 the Gnoll Fighter began the quest for the Orb.
     0 | D        | Reached XP level 1. HP: 23/23 MP: 1/1
    14 | D        | Reached skill level 1 in Invocations
    28 | D        | Noticed a worker ant
    31 | D        | Reached skill level 1 in Short Blades
    31 | D        | Reached skill level 1 in Long Blades
    31 | D        | Reached skill level 1 in Axes
    31 | D        | Reached skill level 1 in Polearms
    31 | D        | Reached skill level 1 in Staves
    31 | D        | Reached skill level 1 in Slings
    31 | D        | Reached skill level 1 in Bows
    31 | D        | Reached skill level 1 in Crossbows
    31 | D        | Reached skill level 1 in Throwing
    31 | D        | Reached skill level 1 in Dodging
    31 | D        | Reached skill level 1 in Stealth
    31 | D        | Reached skill level 1 in Unarmed Combat
    31 | D        | Reached skill level 1 in Spellcasting
    31 | D        | Reached skill level 1 in Evocations
    37 | D        | Reached XP level 2. HP: 21/29 MP: 3/3
    47 | D        | Reached skill level 1 in Conjurations
    47 | D        | Reached skill level 1 in Hexes
    47 | D        | Reached skill level 1 in Charms
    47 | D        | Reached skill level 1 in Summonings
    47 | D        | Reached skill level 1 in Necromancy
    47 | D        | Reached skill level 1 in Translocations
    47 | D        | Reached skill level 1 in Transmutations
    47 | D        | Reached skill level 1 in Fire Magic
    47 | D        | Reached skill level 1 in Ice Magic
    47 | D        | Reached skill level 1 in Air Magic
    47 | D        | Reached skill level 1 in Earth Magic
    47 | D        | Reached skill level 1 in Poison Magic
    47 | D        | Reached XP level 3. HP: 27/35 MP: 3/5
    57 | D        | Reached skill level 5 in Maces & Flails
   120 | D        | Found a roughly hewn altar of Beogh.
   120 | D        | Found a snail-covered altar of Cheibriados.
   120 | D        | Found a shadowy altar of Dithmenos.
   120 | D        | Found a white marble altar of Elyvilon.
   120 | D        | Found a blossoming altar of Fedhas.
   120 | D        | Found an opulent altar of Gozag.
   121 | D        | Found a hazy altar of Hepliaklqana.
   122 | D        | Found a viscous altar of Jiyva.
   123 | D        | Found an ancient bone altar of Kikubaaqudgha.
   124 | D        | Found a corrupted altar of Lugonu.
   125 | D        | Found a burning altar of Makhleb.
   126 | D        | Found a sparkling altar of Nemelex Xobeh.
   127 | D        | Found an iron altar of Okawaru.
   128 | D        | Found a stormy altar of Qazlal.
   129 | D        | Found a sacrificial altar of Ru.
   130 | D        | Found a deep blue altar of Sif Muna.
   131 | D        | Found a bloodstained altar of Trog.
   132 | D        | Found a hide-covered altar of Uskayaw.
   133 | D        | Found a radiant altar of Vehumet.
   134 | D        | Found an ornate altar of the Wu Jian Council.
   135 | D        | Found a shimmering altar of Xom.
   136 | D        | Found a basalt altar of Yredelemnul.
   137 | D        | Found a glowing silver altar of Zin.
   138 | D        | Found a glowing golden altar of the Shining One.
   149 | D        | Became a worshipper of Warmaster Okawaru
   173 | D        | Got the +2 halberd "Zoup" {flame, rC+ Int+3}
   208 | D        | Noticed a crocodile
   208 | D        | Noticed an ogre
   208 | D        | Noticed a gargoyle
   208 | D        | Noticed a two-headed ogre
   214 | D        | Slain by a crocodile

Skill      XL: |  1  2  3 |
---------------+----------+-----
Invocations    | 1 2 |  2.1
Short Blades   | 1 |  1.9
Long Blades    | 1 |  1.9
Axes           | 1 |  1.9
Polearms       | 1 |  1.9
Staves         | 1 |  1.9
Slings         | 1 |  1.9
Bows           | 1 |  1.9
Crossbows      | 1 |  1.9
Throwing       | 1 |  1.9
Dodging        | 1 |  1.9
Stealth        | 1 |  1.9
Unarmed Combat | 1 |  1.9
Spellcasting   | 1 |  1.9
Evocations     | 1 |  1.9
Conjurations   | 1 |  1.5
Hexes          | 1 |  1.5
Charms         | 1 |  1.5
Summonings     | 1 |  1.5
Necromancy     | 1 |  1.5
Translocations | 1 |  1.5
Transmutations | 1 |  1.5
Fire Magic     | 1 |  1.5
Ice Magic      | 1 |  1.5
Air Magic      | 1 |  1.5
Earth Magic    | 1 |  1.5
Poison Magic   | 1 |  1.5
Maces & Flails | 5 |  5.0
Fighting       | |  6.8
Armour         | |  6.8
Shields        | |  6.8

Action                   || total
-------------------------++-------
Melee: Flail             ||    40
       Bite              ||     5
       Halberd           ||     6
Armor: Scale mail        ||    19
Dodge: Dodged            ||     9
Block: Shield            ||    23
